 Dungeon Crawl Stone Soup version 0.19.4-10-g532645f (console) character file.

137 Grinner the Ruffian (level 5, -2/50 HPs)
             Began as a Troll Monk on Feb 23, 2017.
             Slain by an adder (4 damage)
             ... on level 3 of the Dungeon.
             The game lasted 00:02:34 (1948 turns).

Grinner the Ruffian (Troll Monk)                    Turns: 1948, Time: 00:02:35

Health: -2/50      AC:  5    Str: 19 (20) XL:     5   Next: 0%
Magic:  4/4        EV: 10    Int:  4 (6)  God:
Gold:   213        SH:  0    Dex:  9 (12) Spells: 0 memorised, 4 levels left

rFire  . . .     SeeInvis .       - Unarmed
rCold  . . .     Gourm    +     a - +0 robe
rNeg   . . .     Faith    .     (no shield)
rPois  .         Spirit   .     (helmet restricted)
rElec  .         Reflect  .     (no cloak)
rCorr  .         Harm     .     (gloves unavailable)
MR     .....                    (boots unavailable)
Stlth  ++........               (no amulet)
                                (no ring)
                                m - ring of flight

@: lethally poisoned (-2 -> -5), flying
A: unfitting armour, claws 3, fast metabolism 3, gourmand, regeneration 1,
shaggy fur 1, tough skin 2
a: no special abilities


You were on level 3 of the Dungeon.
You were full.

You visited 1 branch of the dungeon, and saw 3 of its levels.

You collected 213 gold pieces.

Inventory:

Armour
 a - a +0 robe (worn)
Jewellery
 m - a ring of flight (left claw)
Scrolls
 c - a scroll of recharging {unknown}
 d - a scroll of blinking {unknown}
 e - a scroll of amnesia {unknown}
 h - a scroll of fear {unknown}
 i - 2 scrolls of magic mapping {unknown}
 j - 2 scrolls of remove curse {unknown}
 l - a scroll of teleportation {unknown}
 n - 2 scrolls of identify {unknown}
Potions
 f - 2 potions of flight
 p - a potion of lignification {unknown}
Comestibles
 b - 2 bread rations
 g - a beef jerky
 o - a meat ration


   Skills:
 - Level 2.4 Fighting
 + Level 3.2 Dodging
 + Level 1.7 Stealth
 * Level 4.3 Unarmed Combat


You had 4 spell levels left.
You didn't know any spells.

Dungeon Overview and Level Annotations

Branches:
Dungeon (3/15)

Altars:


Innate Abilities, Weirdness & Mutations

You are too large for most types of armour.
You have claws for hands.
Your metabolism is lightning-fast.
You like to eat raw meat.
Your natural rate of healing is unusually fast.
You are covered in fur. (AC +1)
You have very tough skin. (AC +2)


Message History

The gnoll hits you but does no damage. The adder bites you.
You barely miss the adder.
You feel sick. The gnoll closely misses you.
The hobgoblin hits you but does no damage.
The gnoll hits you from afar with a spear.
* * * LOW HITPOINT WARNING * * *
The adder barely misses you.
You are too injured to fight recklessly!
You are too injured to fight recklessly!
It was a potion of flight.
You feel very buoyant.
You fly up into the air.
You feel sick. The adder barely misses you.
The gnoll hits you from afar with a halberd!
* * * LOW HITPOINT WARNING * * *
The hobgoblin misses you. The gnoll misses you.
It was a potion of degeneration.
There was something very wrong with that liquid.
You feel weakened.
You feel dopey.
You feel clumsy.
* * * LOW HITPOINT WARNING * * *
You feel sick. The adder bites you.
You die...

#. #.###### ###.# #
#......#####....#
#.#....?...[......#
...>........(.....#
.....g...........#
.....gS..........# #
..(..gg@.........##.#
........((.((.......#
.................##
.................#
.................#
.................#
....$............#
#.#..............#
..#..............#


You could see 3 gnolls, an adder and a hobgoblin.

Vanquished Creatures
  Jessica (D:2)
  6 adders
  A worm (D:3)
  2 dart slugs
  3 leopard geckos
  An orc (D:3)
  A ball python (D:1)
  3 goblins
  6 hobgoblins
  A quokka (D:2)
  9 bats
  5 frilled lizards
  8 kobolds
  2 rats
49 creatures vanquished.

Notes
Turn   | Place    | Note
-------+----------+-------------------------------------------
     0 | D:1      | Grinner the Troll Monk began the quest for the Orb.
     0 | D:1      | Reached XP level 1. HP: 22/22 MP: 0/0
   131 | D:1      | Reached XP level 2. HP: 29/29 MP: 1/1
   681 | D:2      | Reached XP level 3. HP: 35/36 MP: 2/2
   889 | D:2      | Reached skill level 4 in Unarmed Combat
   889 | D:2      | Reached XP level 4. HP: 41/44 MP: 3/3
   976 | D:2      | Noticed Jessica
   984 | D:2      | Killed Jessica
  1910 | D:3      | Reached XP level 5. HP: 50/50 MP: 4/4
  1947 | D:3      | HP: 2/50 [gnoll/halberd (11)]
  1948 | D:3      | Slain by an adder

Skill      XL: |  1  2  3  4 |
---------------+-------------+-----
Unarmed Combat | 4 |  4.3
Dodging        | 3 |  3.2
Fighting       | |  2.4
Stealth        | |  1.7

Action                   |  1- 3 |  4- 6 || total
-------------------------+-------+-------++-------
Melee: Unarmed           |    82 |    56 ||   138
       Punch             |     2 |     3 ||     5
  Use: Potion            |       |     2 ||     2
 Stab: Sleeping          |     2 |     4 ||     6
  Eat: Chunk             |    12 |     8 ||    20
Armor: Robe              |    22 |    22 ||    44
Dodge: Dodged            |    38 |    32 ||    70
